 Dungeon Crawl Stone Soup version 0.20.1-1-g8b1a95d (webtiles) character file.

335 Mujika the Covert (level 6, -7/41 HPs)
             Began as an Octopode Assassin on Aug 2, 2017.
             Was an Initiate of Ru.
             Mangled by Squonk's ghost (9 damage)
             ... on level 4 of the Dungeon.
             The game lasted 00:21:42 (3129 turns).

Mujika the Covert (Octopode Assassin)               Turns: 3129, Time: 00:21:43

Health: -7/41      AC:  1    Str: 10    XL:     6   Next: 53%
Magic:  6/6        EV: 14    Int: 14    God:    Ru [......]
Gold:   226        SH:  2    Dex: 15    Spells: 5/5 levels left

rFire    . . .     SeeInvis .   s - +0 dagger (flame)
rCold    . . .     Gourm    .   (no shield)
rNeg     . . .     Faith    .   (helmet restricted)
rPois    .         Spirit   .   F - +2 amulet of reflection
rElec    .         Reflect  +   w - ring of flight
rCorr    .         Harm     .   (no ring)
MR       .....                  (no ring)
Stlth    +++++.....             (no ring)
Regen    0.2/turn               (no ring)
MPRegen  0.1/turn               (no ring)
                                (no ring)
                                (no ring)

@: no status effects
A: almost no armour, stealthy swim, amphibious, 8 rings, constrict 8, camouflage
1, gelatinous body 1
a: Sacrifice a Hand, Sacrifice Experience, Sacrifice Artifice, Reject
Sacrifices, Renounce Religion, Evoke Flight


You were on level 4 of the Dungeon.
You worshipped Ru.
Ru was noncommittal.
You were hungry.

You visited 1 branch of the dungeon, and saw 4 of its levels.

You collected 226 gold pieces.

Inventory:

Hand Weapons
 a - a +2 dagger
 b - a +0 blowgun
 h - a +0 dagger
 k - a +0 whip
 m - a +0 club
 o - a +0 club
 r - a +0 dagger
 s - a +0 dagger of flaming (weapon)
 t - a +0 mace
 u - a +0 club
 v - a +0 dagger
Missiles
 c - 8 poisoned needles
 d - 2 curare-tipped needles
 e - 212 stones (quivered)
Armour
 g - a +1 robe
 n - a +0 robe
Jewellery
 w - a ring of flight (left tentacle)
 F - a +2 amulet of reflection (around mantle)
Wands
 L - a wand of iceblast (8/15)
Scrolls
 q - a scroll of identify
 x - 3 scrolls of remove curse
 y - a scroll of random uselessness {unknown}
 C - a scroll of blinking {unknown}
 D - 2 scrolls of teleportation {unknown}
 E - 2 scrolls of fear {unknown}
 H - a scroll of enchant weapon {unknown}
 K - a scroll of enchant armour
Potions
 j - 2 potions of heal wounds {unknown}
 l - a potion of berserk rage {unknown}
 p - a potion of curing
 A - a potion of brilliance {unknown}
 B - 2 potions of ambrosia {unknown}
 G - a potion of magic {unknown}
 I - a potion of lignification {unknown}
 J - 2 potions of flight {unknown}
Comestibles
 f - 3 bread rations
 i - a meat ration
 z - 2 royal jellies


   Skills:
 + Level 2.6 Fighting
 + Level 3.8 Short Blades
 + Level 2.1 Throwing
 + Level 2.2 Dodging
 + Level 8.5 Stealth


You had 5 spell levels left.
You didn't know any spells.

Dungeon Overview and Level Annotations

Branches:
Dungeon (4/15)
 Temple: D:4-7

Altars:
Ru
Sif Muna
Trog

Annotations:
D:4 Squonk's ghost, amateur DgWn


Innate Abilities, Weirdness & Mutations

You cannot wear most types of armour.
You are very stealthy in the water. (Stealth+)
You are amphibious.
You can wear up to eight rings at the same time.
You can use your tentacles to constrict eight enemies at once.
Your skin changes colour to match your surroundings (Stealth+).
Your rubbery body absorbs attacks. (AC +1, EV +1)


Message History

Squonk's ghost says, "They lied to you.
The Dungeon just goes down and down forever."
Squonk's ghost gestures at you while chanting.
The zap hits you! x2
You completely miss Squonk's ghost.
Squonk's ghost is moderately damaged.
Squonk's ghost hits you!
* * * LOW HITPOINT WARNING * * *
You closely miss Squonk's ghost. Your squeeze misses Squonk's ghost.
Squonk's ghost is moderately damaged.
Squonk's ghost barely misses you.
You barely miss Squonk's ghost.
Squonk's ghost is moderately damaged.
You hit Squonk's ghost. You burn Squonk's ghost.
Your squeeze misses Squonk's ghost.
Squonk's ghost is moderately damaged.
Squonk's ghost barely misses you.
You closely miss Squonk's ghost.
Squonk's ghost is moderately damaged.
Squonk's ghost hits you!
You die...

#.#.# #.#.# #............
##.#.#####...# #.#.#.#.#####
#.......####.###............
#..#.##..........#.#(#.#####
#..#.#######.###.......#
##..#.#######># #####.###
##.#.#.........# #.#
#.###....####..# #.#
##.#..##.# #@## #.#
##.#.##.# #W# #.# ###.##.#
#<# #.# # #.##.# #.. #
#.##.# #.. # #..... ...# #
####.# #... # #.# #### ### #
##.###


You could see Squonk's ghost.

Vanquished Creatures
  An ogre (D:4)
  A jelly (D:3)
  A worker ant (D:4)
  6 adders
  3 gnolls (D:4)
  An ooze (D:3)
  A worm (D:2)
  2 dart slugs
  3 leopard geckos
  4 orcs
  2 giant cockroaches
  11 goblins
  7 hobgoblins
  13 jackals
  2 quokkas (D:3)
  2 ball pythons
  9 bats
  2 frilled lizards
  10 kobolds
  16 rats
97 creatures vanquished.

Notes
Turn   | Place    | Note
-------+----------+-------------------------------------------
     0 | D:1      | Mujika the Octopode Assassin began the quest for the Orb.
     0 | D:1      | Reached XP level 1. HP: 14/14 MP: 1/1
   128 | D:1      | Reached XP level 2. HP: 16/19 MP: 2/2
   287 | D:1      | Reached skill level 6 in Stealth
   548 | D:1      | Reached XP level 3. HP: 24/24 MP: 3/3
  1147 | D:2      | Found a deep blue altar of Sif Muna.
  1182 | D:2      | Found a sacrificial altar of Ru.
  1194 | D:2      | Became a worshipper of Ru the Awakened
  1340 | D:2      | Reached XP level 4. HP: 17/30 MP: 4/4
  1454 | D:2      | Reached skill level 7 in Stealth
  2008 | D:3      | Found a bloodstained altar of Trog.
  2026 | D:3      | Reached XP level 5. HP: 31/35 MP: 5/5
  2716 | D:4      | Reached skill level 8 in Stealth
  2786 | D:4      | Noticed an ogre
  2793 | D:4      | Killed an ogre
  2793 | D:4      | Reached XP level 6. HP: 41/41 MP: 6/6
  3117 | D:4      | Noticed Squonk's ghost (amateur DgWn)
  3125 | D:4      | HP: 2/41 [Squonk's ghost (11)]
  3129 | D:4      | Mangled by Squonk's ghost

Skill      XL: |  1  2  3  4  5 |
---------------+----------------+-----
Stealth        | 6 7 8 |  8.5
Short Blades   | 3 |  3.8
Dodging        | 2 |  2.2
Fighting       | |  2.6
Throwing       | |  2.1

Action                   |  1- 3 |  4- 6 || total
-------------------------+-------+-------++-------
Melee: Dagger            |    90 |   113 ||   203
       Tentacles         |    11 |    19 ||    30
       Constrict         |    17 |    23 ||    40
  Use: Scroll            |     3 |       ||     3
       Potion            |     1 |       ||     1
 Stab: Sleeping          |    12 |    21 ||    33
       Distracted        |       |     1 ||     1
  Eat: Chunk             |     1 |     1 ||     2
       Bread ration      |     1 |       ||     1
Armor: Skin              |    10 |     3 ||    13
Dodge: Dodged            |    53 |    48 ||   101
